Map: Concord LE

Players

IIIIIIIIIII

  • Race: Zerg Zerg

Benedeto

  • Race: Terran Terran

KiNg

  • Race: Zerg Zerg

JoeBiden

  • Race: Terran Terran
  • League: Master

LoXoR

  • Race: Zerg Zerg
  • League: Diamond

SupplyBlocK

  • Race: Terran Terran
  • League: Grandmaster

Rimaani

  • Race: Terran Terran

Toasted

  • Race: Protoss Protoss
  • League: Diamond

VOD

Have the link to the VOD?

Description

Time

  • Played on: Oct. 21, 2026, 8:17 a.m.
  • Length: 9:23
Show
View Real Time Build Order
Export as new Build Order

IIIIIIIIIII Zerg 

Build Orders: Hatch First, Swarm Host 

Get SALT Encoding   

  12  0:00  Drone  
  13  0:12  Drone  
  14  0:18  Overlord  
  14  0:29  Extractor  
  14  0:30  Drone  
  14  0:31  Extractor, Drone  
  16  0:38  Drone  
  17  0:46  Drone  
  18  1:02  Drone, Extractor  
  18  1:05  Hatchery  
  17  1:15  Spawning Pool  
  17  1:18  Drone  
  17  1:21  Drone  
  18  1:27  Drone  
  18  1:31  Extractor  
  18  1:38  Drone  
  19  1:49  Drone  
  20  1:59  Drone  
  21  2:06  Extractor  
  20  2:10  Drone  
  21  2:19  Lair  
  21  2:21  Queen  
  23  2:23  Drone x2  
  23  2:29  Drone  
  26  2:31  Drone  
  27  2:38  Drone  
  28  2:46  Overlord  
  28  3:04  Drone  
  28  3:05  Drone x3  
  32  3:11  Drone  
  33  3:21  Infestation Pit  
  33  3:26  Nydus Network  
  31  3:31  Overlord x2  
  31  3:57  Swarm Host x5  
  31  3:58  Swarm Host  
  49  4:05  Swarm Host  
  52  4:11  Overlord  
  52  4:13  Overlord  
  52  4:25  Nydus Canal  
  52  4:35  Swarm Host x2  
  52  4:36  Swarm Host x2  
  64  4:51  Nydus Canal  
  64  5:13  Swarm Host  
  67  5:14  Swarm Host  
  67  5:16  Overlord  
  67  5:17  Overlord x3  
  67  5:22  Extractor  
  66  5:37  Nydus Canal  
  66  5:38  Swarm Host  
  66  5:39  Swarm Host  
  66  5:40  Swarm Host  
  66  5:42  Drone x3  
  78  6:12  Swarm Host x3  
  87  6:21  Nydus Canal  
  87  6:23  Swarm Host  
  90  6:28  Drone x4  
  94  7:10  Overlord x4  
  94  7:14  Overlord x2  
  94  7:54  Swarm Host x7  
  94  7:55  Swarm Host x2  
  121  8:02  Evolution Chamber  
  120  8:23  Zergling x2  
  121  8:49  Nydus Canal  
Show
View Real Time Build Order
Export as new Build Order

Benedeto Terran 

Build Orders: 2 Factory 

Get SALT Encoding   

  12  0:01  SCV  
  13  0:13  SCV  
  14  0:17  Supply Depot  
  14  0:25  SCV  
  15  0:31  Refinery  
  15  0:39  SCV  
  15  0:41  Refinery  
  16  0:51  SCV  
  16  0:56  Barracks  
  17  1:03  SCV  
  18  1:15  SCV  
  19  1:27  SCV  
  20  1:39  SCV  
  21  1:46  Factory  
  21  1:51  Orbital Command  
  21  1:53  Barracks Reactor  
  21  2:11  Command Center  
  21  2:17  SCV  
  22  2:29  SCV  
  23  2:32  Supply Depot  
  23  2:54  SCV, Hellion x2  
  23  2:57  Factory  
  28  3:06  SCV  
  28  3:08  Supply Depot  
  29  3:15  Hellion  
  31  3:22  SCV, Hellion  
  34  3:30  Orbital Command  
  34  3:34  Supply Depot  
  36  3:41  Armory  
  36  3:42  Factory Tech Lab  
  36  3:46  Widow Mine  
  36  3:47  Widow Mine  
  38  3:52  SCV  
  39  3:57  Engineering Bay  
  39  3:58  SCV  
  40  4:04  SCV  
  40  4:06  Widow Mine  
  40  4:08  Widow Mine  
  45  4:10  SCV  
  45  4:16  SCV  
  47  4:22  SCV  
  46  4:41  SCV x2  
  46  4:42  Thor  
  54  4:47  Factory  
  54  4:51  Command Center, Terran Vehicle Weapons Level 1  
  54  4:53  SCV x2  
  56  5:02  Widow Mine  
  56  5:03  Widow Mine  
  60  5:09  Supply Depot  
  60  5:12  SCV  
  60  5:13  Supply Depot  
  61  5:15  SCV  
  62  5:30  SCV  
  62  5:31  Widow Mine x2  
  67  5:37  Factory Tech Lab  
  67  5:38  Thor  
  67  5:39  SCV  
  74  5:43  SCV  
  75  5:51  SCV  
  75  5:55  SCV  
  77  6:02  Refinery  
  77  6:03  SCV  
  79  6:04  Refinery  
  79  6:07  SCV  
  79  6:09  Armory  
  79  6:10  Supply Depot  
  80  6:12  Supply Depot  
  80  6:13  Supply Depot  
  80  6:16  SCV  
  80  6:18  Thor  
  86  6:19  SCV  
  87  6:28  SCV  
  87  6:31  SCV  
  85  6:52  Thor  
  91  6:54  Terran Vehicle Weapons Level 2  
  91  6:57  SCV x2  
  91  6:59  Missile Turret  
  93  7:09  SCV  
  93  7:12  Thor  
  100  7:33  Planetary Fortress  
  100  7:36  Missile Turret  
  100  7:46  SCV x2  
  100  7:47  Factory  
  100  7:50  Factory  
  100  7:51  Hellion x3  
  108  7:53  Infernal Pre-Igniter  
  108  7:56  Missile Turret  
  108  7:58  SCV  
  108  7:59  SCV  
  108  8:00  Supply Depot  
  108  8:02  Supply Depot  
  108  8:04  Supply Depot  
  110  8:05  Supply Depot  
  110  8:09  SCV  
  110  8:10  SCV  
  110  8:11  SCV  
  113  8:13  Refinery  
  113  8:17  Missile Turret  
  113  8:18  Refinery  
  113  8:21  Thor, SCV  
  113  8:23  SCV x2  
  113  8:24  Supply Depot  
  122  8:28  Supply Depot x2  
  122  8:31  Supply Depot  
  122  8:33  SCV  
  123  8:34  Missile Turret  
  123  8:35  SCV x2  
  123  8:39  Thor  
  123  8:40  Factory Tech Lab  
  131  8:43  Factory Tech Lab  
  131  8:49  SCV x3  
  134  9:01  SCV x3  
Show
View Real Time Build Order
Export as new Build Order

KiNg Zerg 

Build Orders: 1 Base Baneling Bust, Pool First 

Get SALT Encoding   

  12  0:00  Drone  
  13  0:08  Drone  
  14  0:16  Extractor  
  14  0:17  Drone  
  15  0:22  Overlord  
  15  0:39  Spawning Pool  
  15  0:40  Extractor  
  15  0:42  Extractor  
  12  0:46  Drone  
  13  0:51  Drone  
  13  0:55  Drone  
  15  1:05  Drone  
  15  1:10  Drone  
  17  1:19  Drone  
  18  1:29  Lair  
  18  1:33  Drone  
  19  1:40  Zergling x2  
  20  1:51  Drone  
  21  2:03  Drone  
  22  2:10  Baneling Nest  
  22  2:13  Overlord  
  21  2:17  Spore Crawler  
  20  2:24  Drone  
  21  2:30  Nydus Network  
  20  2:38  Zergling x2  
  21  2:47  Zergling x2  
  22  2:53  Baneling  
  22  2:54  Baneling  
  22  2:56  Baneling x2  
  22  2:57  Zergling x2  
  23  3:07  Baneling  
  23  3:08  Baneling  
  23  3:11  Nydus Canal  
  23  3:17  Drone  
  23  3:18  Drone  
  24  3:43  Spine Crawler  
  24  3:46  Drone  
  24  3:47  Drone  
  23  4:08  Baneling  
  23  4:09  Hydralisk Den  
  22  4:10  Overlord x2  
  22  4:14  Overseer  
  22  4:16  Hatchery, Extractor  
  20  4:18  Drone  
  20  4:22  Drone  
  22  4:30  Nydus Canal  
  21  4:56  Zergling x2  
  21  4:57  Zergling x4  
  24  5:07  Drone  
  24  5:09  Grooved Spines  
  25  5:18  Baneling x2  
  25  5:19  Baneling x4  
  25  5:34  Drone x3  
  28  5:38  Centrifugal Hooks, Drone  
  28  5:39  Metabolic Boost  
  28  5:41  Drone  
  30  5:53  Drone  
  30  5:54  Drone  
  30  5:57  Spore Crawler  
  31  5:59  Muscular Augments  
  31  6:00  Spore Crawler  
  30  6:04  Spore Crawler  
  29  6:11  Nydus Canal  
  29  6:13  Drone  
  29  6:14  Drone  
  29  6:16  Drone  
  29  6:18  Drone  
  33  6:22  Drone  
  33  6:23  Drone  
  34  6:33  Drone x2  
  35  6:48  Overlord x2  
  35  6:51  Nydus Canal  
  35  6:57  Overlord  
  35  6:58  Drone  
  36  7:01  Extractor  
  35  7:19  Drone  
  35  7:20  Drone x3, Evolution Chamber  
  35  7:21  Evolution Chamber  
  35  7:22  Evolution Chamber  
  36  7:49  Zergling x8  
  36  7:50  Zergling x4  
  42  8:01  Zergling x2  
  42  8:02  Zergling x2  
  44  8:16  Nydus Canal  
  44  8:19  Baneling  
  44  8:20  Baneling x13  
  44  8:22  Drone  
  44  8:23  Drone x3  
  45  8:53  Nydus Canal  
  45  8:54  Drone  
  45  8:55  Drone x5  
Show
View Real Time Build Order
Export as new Build Order

JoeBiden Terran 

Build Orders: Command Center First 

Get SALT Encoding   

  12  0:00  SCV  
  13  0:12  SCV  
  14  0:17  Supply Depot  
  14  0:25  SCV  
  15  0:40  SCV  
  16  0:52  SCV  
  17  0:59  Command Center  
  17  1:04  SCV  
  18  1:13  Barracks  
  18  1:16  SCV  
  19  1:21  Refinery  
  19  1:28  SCV  
  19  1:30  Refinery  
  20  1:40  SCV  
  21  1:52  SCV  
  22  2:06  Orbital Command  
  22  2:09  Factory  
  22  2:12  Orbital Command  
  22  2:33  SCV  
  23  2:38  SCV  
  24  2:45  SCV  
  24  2:50  SCV  
  26  2:53  Command Center  
  26  2:54  Starport  
  26  2:57  SCV  
  27  3:03  SCV  
  28  3:07  Refinery  
  28  3:09  SCV  
  28  3:10  Refinery  
  29  3:16  Armory  
  29  3:17  SCV  
  30  3:20  Armory  
  30  3:22  SCV  
  31  3:29  SCV  
  32  3:34  SCV, Viking  
  35  3:41  Fusion Core  
  35  3:44  SCV  
  36  3:49  SCV  
  37  3:56  Starport  
  37  3:58  SCV  
  37  4:02  Barracks Tech Lab  
  38  4:05  SCV  
  39  4:10  Orbital Command  
  39  4:11  SCV  
  40  4:17  SCV, Terran Ship Weapons Level 1  
  40  4:20  Terran Vehicle And Ship Armor Level 1  
  41  4:26  SCV  
  41  4:27  Starport Tech Lab  
  41  4:29  SCV  
  41  4:31  Factory Tech Lab  
  43  4:38  SCV  
  43  4:39  Supply Depot, SCV  
  45  4:47  SCV  
  45  4:51  Battlecruiser  
  52  4:55  Supply Depot  
  52  5:02  SCV x2  
  52  5:03  SCV  
  55  5:07  Battlecruiser  
  55  5:08  Refinery  
  61  5:20  SCV x3  
  64  5:25  Refinery, Supply Depot  
  64  5:29  Weapon Refit  
  64  5:30  Command Center  
  64  5:32  SCV x3  
  67  5:36  Engineering Bay  
  67  5:44  Barracks Tech Lab  
  67  5:46  Starport  
  67  5:47  Siege Tank  
  67  5:49  Supply Depot, SCV  
  71  5:54  SCV x2  
  73  6:06  SCV  
  73  6:11  Battlecruiser  
  80  6:13  Supply Depot  
  80  6:15  SCV x2  
  82  6:20  Supply Depot  
  82  6:22  Siege Tank  
  85  6:34  SCV x3  
  88  6:42  Supply Depot  
  88  6:53  SCV x3  
  91  6:59  Battlecruiser  
  97  7:05  SCV, Terran Ship Weapons Level 2, Terran Vehicle And Ship Armor Level 2  
  98  7:09  Starport  
  98  7:11  Starport  
  98  7:13  Command Center  
  98  7:15  SCV x2  
  100  7:17  SCV  
  100  7:22  Hi-Sec Auto Tracking  
  101  7:26  Siege Tank  
  104  7:31  Refinery  
  104  7:32  SCV x3  
  104  7:33  Missile Turret  
  104  7:34  Missile Turret  
  104  7:36  Battlecruiser  
  113  7:38  Refinery  
  113  7:45  Planetary Fortress  
  113  7:48  SCV x3  
  116  7:54  Starport Tech Lab  
  116  7:55  Starport Tech Lab  
  114  8:01  Siege Tank  
  118  8:05  SCV x2  
  119  8:18  Supply Depot  
  119  8:20  Supply Depot  
  119  8:25  Command Center  
  119  8:26  Orbital Command  
  125  8:29  Command Center  
  125  8:32  SCV x2  
  125  8:33  SCV x2  
  129  8:39  Missile Turret  
  141  9:02  Command Center  
Show
View Real Time Build Order
Export as new Build Order

LoXoR Zerg 

Build Orders: Pool First 

Get SALT Encoding   

  12  0:01  Drone  
  13  0:08  Drone  
  14  0:18  Overlord  
  14  0:37  Drone x3  
  17  0:46  Extractor  
  16  0:53  Spawning Pool  
  16  0:54  Drone  
  16  1:03  Drone  
  17  1:21  Drone  
  17  1:25  Hatchery  
  17  1:26  Drone  
  17  1:31  Drone  
  19  1:43  Queen  
  21  1:50  Metabolic Boost  
  21  1:57  Overlord  
  21  2:00  Drone  
  22  2:06  Evolution Chamber  
  21  2:09  Drone  
  22  2:18  Zergling x2  
  23  2:28  Drone  
  24  2:46  Zerg Ground Armor Level 1  
  24  2:48  Drone  
  25  2:52  Drone  
  26  3:03  Drone x3, Hatchery  
  28  3:12  Baneling Nest  
  27  3:13  Drone  
  27  3:14  Drone  
  27  3:17  Zergling x2  
  30  3:21  Zergling x2  
  30  3:24  Zergling x2  
  32  3:27  Zergling x2  
  32  3:29  Zergling x2  
  32  3:32  Zergling x2  
  34  3:39  Overlord  
  34  3:44  Drone  
  34  3:45  Drone  
  34  3:46  Overlord  
  36  3:56  Queen  
  36  3:59  Drone x2  
  40  4:04  Drone x2  
  40  4:05  Drone  
  43  4:10  Baneling  
  43  4:11  Baneling, Drone x2  
  43  4:16  Spore Crawler  
  44  4:21  Zergling x2  
  44  4:22  Zergling x4  
  47  4:28  Drone x3  
  50  4:31  Spore Crawler  
  50  4:34  Spine Crawler  
  50  4:37  Drone  
  49  4:42  Zergling x2  
  50  4:46  Spine Crawler  
  50  4:52  Zergling x8  
  41  5:01  Zergling x6  
  41  5:03  Zergling x2  
  41  5:14  Spine Crawler  
  41  5:15  Drone  
  41  5:22  Drone  
  41  5:28  Overlord x2  
  42  5:40  Overlord x2  
  42  5:46  Queen, Overlord  
  42  5:48  Drone x2  
  42  5:49  Drone  
  47  5:50  Drone  
  47  5:52  Drone  
  49  5:58  Drone x3  
  49  6:00  Drone  
  53  6:04  Zerg Melee Weapons Level 1  
  53  6:06  Zergling x2  
  54  6:15  Zergling x8  
  58  6:22  Spore Crawler  
  58  6:26  Spore Crawler  
  58  6:28  Zergling x2  
  58  6:29  Zergling x2  
  58  6:30  Zergling x2  
  58  6:31  Zergling x2  
  49  6:34  Zergling x2  
  49  6:37  Extractor  
  49  6:38  Extractor, Zergling x2  
  46  6:47  Zergling x2  
  46  6:48  Zergling x4  
  40  6:57  Zergling x2  
  41  7:03  Baneling  
  41  7:06  Zergling x2  
  41  7:07  Zergling x4  
  42  7:12  Zergling x2  
  41  7:15  Drone x2  
  43  7:26  Drone  
  44  7:32  Hatchery  
  44  7:36  Zergling x2  
  44  7:47  Drone  
  45  8:03  Drone  
  45  8:04  Drone  
  47  8:15  Drone x3  
  47  8:18  Hatchery  
  47  8:19  Lair  
  49  8:21  Drone  
  50  8:34  Zergling x2  
  51  8:45  Drone  
  51  8:46  Hatchery  
  51  8:53  Drone x3  
  54  8:56  Drone  
  54  8:57  Spore Crawler  
  54  9:02  Drone  
  52  9:10  Drone  
  52  9:11  Drone  
  52  9:16  Extractor  
  45  9:22  Spine Crawler  
Show
View Real Time Build Order
Export as new Build Order

SupplyBlocK Terran 

Build Orders:  

Get SALT Encoding   

  12  0:00  SCV  
  13  0:12  SCV  
  14  0:18  Supply Depot  
  14  0:24  SCV  
  15  0:40  SCV  
  15  0:41  Barracks  
  16  0:44  Refinery  
  16  0:52  SCV  
  18  1:04  SCV  
  18  1:16  SCV  
  19  1:29  Orbital Command  
  19  1:35  Command Center  
  19  1:46  Factory  
  19  1:54  Supply Depot  
  19  1:57  SCV  
  20  2:03  Barracks Tech Lab  
  20  2:09  SCV  
  20  2:11  Refinery  
  21  2:21  SCV  
  22  2:33  SCV  
  22  2:34  Barracks Tech Lab  
  23  2:43  Siege Tank  
  26  2:45  SCV  
  26  2:49  Refinery  
  27  2:52  Refinery  
  27  2:57  SCV  
  28  3:03  Orbital Command  
  28  3:09  SCV  
  29  3:13  Ghost Academy  
  29  3:19  Siege Tank  
  32  3:21  SCV  
  33  3:28  SCV  
  33  3:34  SCV  
  35  3:40  Barracks, SCV  
  36  3:46  Ghost, SCV  
  39  3:52  SCV  
  40  3:58  SCV  
  41  4:04  Personal Cloaking  
  41  4:05  SCV  
  42  4:10  SCV  
  42  4:14  Ghost  
  46  4:17  SCV  
  46  4:19  Ghost Academy  
  46  4:29  Supply Depot  
  46  4:31  Supply Depot  
  46  4:38  SCV x2  
  48  4:39  Ghost Academy  
  48  4:40  Ghost Academy  
  48  4:45  Ghost  
  48  4:52  SCV  
  51  4:53  SCV  
  52  5:04  SCV  
  52  5:05  SCV  
  52  5:06  Ghost  
  56  5:14  Ghost, Nuke  
  56  5:15  Nuke  
  56  5:19  Nuke  
  56  5:21  SCV  
  59  5:30  SCV  
  59  5:34  Ghost  
  62  5:35  Supply Depot  
  62  5:36  Supply Depot  
  62  5:45  Ghost  
  62  5:47  SCV x2  
  66  6:03  Ghost  
  68  6:14  Ghost, SCV  
  68  6:18  Command Center  
  71  6:25  Engineering Bay  
  71  6:27  Engineering Bay  
  71  6:32  Ghost  
  69  6:42  Ghost  
  69  6:46  SCV x2, Starport  
  70  6:58  SCV x2  
  70  7:00  Ghost  
  74  7:09  Terran Infantry Armor Level 1, Terran Infantry Weapons Level 1  
  74  7:10  SCV x2  
  74  7:11  Ghost  
  78  7:16  Factory Reactor  
  78  7:24  Medivac  
  80  7:32  SCV x2  
  82  7:46  SCV x2  
  82  7:47  Ghost x2  
  82  7:50  Orbital Command, Command Center  
  88  7:53  Barracks  
  88  7:56  Barracks  
  88  7:58  SCV  
  89  8:00  SCV  
  90  8:06  Armory  
  90  8:10  SCV  
  91  8:15  Marine  
  91  8:17  Ghost  
  94  8:20  SCV  
  94  8:26  Medivac  
  97  8:32  SCV  
  97  8:33  Ghost  
  97  8:34  Barracks  
  99  8:44  Barracks Tech Lab x2  
  99  8:45  SCV x3, Ghost  
  103  8:57  SCV x3  
  107  9:09  SCV x2  
  109  9:10  SCV  
Show
View Real Time Build Order
Export as new Build Order

Rimaani Terran 

Build Orders:  

Get SALT Encoding   

  12  0:00  SCV  
  13  0:12  SCV  
  14  0:17  Supply Depot  
  14  0:25  SCV  
  15  0:32  Refinery  
  15  0:42  Barracks  
  15  0:46  SCV  
  16  0:58  SCV  
  17  1:10  SCV  
  18  1:22  SCV  
  19  1:31  Marine  
  20  1:35  Factory  
  20  1:37  Orbital Command  
  20  1:47  Supply Depot  
  20  1:49  Barracks Tech Lab  
  20  2:06  SCV  
  20  2:08  Marine  
  22  2:16  Command Center  
  22  2:20  Factory Reactor  
  22  2:25  Marine  
  22  2:26  SCV  
  22  2:28  Refinery  
  24  2:38  SCV  
  24  2:40  Stimpack  
  24  2:44  Marine  
  25  2:48  Supply Depot  
  25  2:50  SCV  
  27  2:57  Hellion  
  29  3:01  Hellion  
  31  3:09  SCV  
  32  3:14  Starport  
  32  3:21  Marine, SCV  
  32  3:24  Hellion  
  32  3:42  SCV  
  32  3:45  Barracks  
  32  3:46  Barracks  
  32  3:47  Hellion  
  31  3:58  Marine  
  31  3:59  SCV  
  33  4:03  Starport Reactor  
  33  4:07  Orbital Command  
  33  4:16  Marine  
  34  4:21  Factory Tech Lab  
  34  4:22  Barracks  
  34  4:32  SCV  
  34  4:34  Barracks Reactor, Barracks Tech Lab  
  34  4:37  SCV  
  36  4:38  Engineering Bay  
  36  4:44  SCV  
  37  4:58  Marine  
  37  4:59  Marauder  
  40  5:06  Missile Turret  
  40  5:09  Marine x2  
  40  5:12  Command Center  
  40  5:13  SCV x2  
  44  5:21  Viking x2  
  46  5:25  Combat Shield  
  48  5:33  Marine x5  
  53  5:40  SCV  
  54  5:44  Missile Turret  
  54  6:00  Supply Depot  
  54  6:02  Supply Depot  
  54  6:07  SCV  
  54  6:10  SCV  
  54  6:14  Marine  
  54  6:21  Marine x3, Medivac x2, SCV  
  54  6:23  SCV  
  54  6:24  Terran Infantry Weapons Level 1  
  63  6:25  Missile Turret  
  55  6:42  SCV x2, Marine x2  
  55  6:43  Marine x4  
  64  6:49  Orbital Command  
  63  7:00  Marine x3  
  66  7:08  SCV  
  66  7:13  Engineering Bay  
  66  7:15  SCV, Armory  
  68  7:16  SCV, Marine x3  
  68  7:20  Marine x2  
  68  7:21  Marine  
  75  7:23  SCV  
  76  7:30  Medivac  
  76  7:32  SCV x2  
  76  7:33  Marine  
  79  7:40  Marine x4  
  79  7:41  Marine  
  79  7:51  Marine  
  79  7:58  Marine x5  
  80  8:03  Supply Depot  
  85  8:14  Supply Depot  
  85  8:24  Marine x6  
  85  8:25  SCV x2  
  93  8:35  Medivac x2  
  89  8:42  Marine x6  
  95  8:54  SCV x3  
  98  9:00  Marine x3  
  98  9:02  Marine x2  
  101  9:03  Marine  
  101  9:06  SCV  
Show
View Real Time Build Order
Export as new Build Order

Toasted Protoss 

Build Orders: 1 Gate Expand, Phoenix Opening, Mass Phoenix 

Get SALT Encoding   

  12  0:00  Probe  
  13  0:13  Probe  
  14  0:19  Pylon  
  14  0:25  Probe  
  15  0:38  Probe  
  16  0:47  Gateway  
  16  0:50  Assimilator, Probe (Chrono Boost)  
  17  1:01  Probe (Chrono Boost)  
  18  1:05  Probe (Chrono Boost)  
  19  1:17  Probe  
  20  1:31  Nexus  
  20  1:41  Cybernetics Core  
  20  1:46  Assimilator  
  20  1:50  Probe  
  21  2:01  Pylon  
  21  2:02  Probe  
  21  2:18  Probe (Chrono Boost)  
  21  2:22  Stargate  
  23  2:30  Probe (Chrono Boost)  
  23  2:36  Probe (Chrono Boost)  
  24  2:41  Stargate  
  24  2:44  Probe (Chrono Boost)  
  24  2:50  Probe (Chrono Boost)  
  26  2:56  Assimilator  
  26  2:57  Probe (Chrono Boost)  
  28  2:59  Probe (Chrono Boost)  
  30  3:06  Probe (Chrono Boost)  
  30  3:07  Probe (Chrono Boost)  
  30  3:08  Phoenix (Chrono Boost)  
  30  3:11  Probe (Chrono Boost)  
  32  3:14  Probe  
  34  3:29  Pylon  
  34  3:33  Phoenix  
  36  3:40  Probe  
  37  3:44  Probe  
  38  3:51  Shield Battery  
  38  3:52  Probe  
  39  4:00  Phoenix  
  41  4:04  Probe  
  42  4:11  Phoenix  
  42  4:14  Pylon  
  42  4:16  Probe x2  
  46  4:25  Phoenix  
  46  4:28  Probe  
  49  4:36  Phoenix  
  51  4:51  Phoenix  
  53  4:58  Probe  
  53  4:59  Probe  
  55  5:06  Nexus  
  55  5:10  Probe  
  55  5:25  Probe x2  
  57  5:33  Forge, Phoenix  
  59  5:37  Probe x2, Fleet Beacon  
  61  5:49  Probe  
  62  5:52  Pylon  
  62  5:53  Pylon  
  62  5:57  Pylon  
  62  6:10  Phoenix x2, Probe  
  67  6:24  Probe, Photon Cannon  
  68  6:25  Photon Cannon  
  68  6:27  Photon Cannon  
  68  6:31  Probe  
  69  6:40  Phoenix x2  
  69  7:02  Probe  
  69  7:05  Phoenix, Assimilator  
  72  7:09  Assimilator  
  72  7:15  Probe  
  72  7:20  Protoss Air Weapons Level 1 (Chrono Boost)  
  72  7:21  Probe  
  74  7:23  Probe  
  74  7:28  Probe  
  76  7:32  Assimilator  
  76  7:35  Pylon  
  71  8:01  Nexus  
  71  8:05  Fleet Beacon  
  71  8:29  Probe  
  71  8:32  Probe  
  73  8:41  Probe  
  74  8:52  Photon Cannon  
  74  8:53  Photon Cannon  
  74  8:56  Photon Cannon  
  74  8:57  Photon Cannon  
  74  8:58  Photon Cannon  
  74  8:59  Photon Cannon  
  74  9:01  Photon Cannon  
  82  9:04  Pylon  
Tags
 
Add a new tag
Caveats
  • Supply blocks, unpowered buildings, or Contaminate may cause inaccurate times.
  • Supply counts are checked every 10 seconds.